 Dungeon Crawl Stone Soup version 0.17-a0-1103-ga40c899 (webtiles) character file.

65 Inkie the Changer (level 4, 0/28 HPs)
             Began as an Octopode Transmuter on May 21, 2015.
             Slain by an orc priest
             ... wielding a +0 hand axe
              (4 damage)
             ... on level 3 of the Dungeon.
             The game lasted 00:07:40 (2388 turns).

Inkie the Changer (Octopode Transmuter)             Turns: 2388, Time: 00:07:40

Health: 0/28       AC:  1    Str:  9    XL:     4   Next: 13%
Magic:  7/7        EV: 12    Int: 16    God:
Gold:   80         SH:  0    Dex: 12    Spells: 1 memorised, 6 levels left

rFire  . . .     SeeInvis .       - Unarmed
rCold  . . .     Clarity  .     (no shield)
rNeg   . . .     SustAb   .     (helmet restricted)
rPois  .         Gourm    .     (no amulet)
rElec  .         Spirit   .     (no ring)
rCorr  .         Warding  .     (no ring)
rMut   .         Stasis   .     (no ring)
MR     .....                    (no ring)
Stlth  ++........               (no ring)
                                (no ring)
                                (no ring)
                                (no ring)

@: appendage (expiring), not resistant to hostile enchantments, unstealthy
A: almost no armour, amphibious, 8 rings, constrict 8, tentacle spike 3,
camouflage 1, gelatinous body 1
a: End Transformation


You were on level 3 of the Dungeon.
You were hungry.
One of your tentacles had a temporary spike.
You visited 1 branch of the dungeon, and saw 3 of its levels.

You collected 80 gold pieces.

Inventory:

Missiles
 a - 68 arrows
 m - 83 stones (quivered)
 n - 20 arrows of frost
Scrolls
 d - a scroll of amnesia {unknown}
 e - a scroll of noise {unknown}
 i - a scroll of magic mapping {unknown}
 p - a scroll of random uselessness {unknown}
 q - 3 scrolls of identify {unknown}
 r - 2 scrolls of immolation {unknown}
Potions
 g - a potion of beneficial mutation {unknown}
 h - a potion of agility {unknown}
 k - 2 potions of curing {unknown}
Books
 b - a book of Changes

   Spells                             Type                      Level
   a - Beastly Appendage              Transmutation                1
   b - Sticks to Snakes               Transmutation                2
   c - Spider Form                    Transmutation/Poison         3
   d - Ice Form                       Ice/Transmutation            4
   e - Blade Hands                    Transmutation                5
Comestibles
 c - 3 bread rations
 f - 2 beef jerkies
 j - 3 fruits
 l - a meat ration


   Skills:
 - Level 1.0 Fighting
 - Level 2.0 Dodging
 - Level 3.0 Unarmed Combat
 - Level 2.0 Spellcasting
 + Level 4.2 Transmutations


You had 6 spell levels left.
You knew the following spells:

 Your Spells              Type           Power        Failure   Level  Hunger
a - Beastly Appendage     Trmt           ###...       4%          1    #......


Dungeon Overview and Level Annotations

Branches:
Dungeon (3/15)

Altars:
Okawaru


Innate Abilities, Weirdness & Mutations

You cannot wear most types of armour.
You are amphibious.
You can wear up to eight rings at the same time.
You can use your tentacles to constrict eight enemies at once.
Your skin changes colour to match your surroundings (Stealth).
Your rubbery body absorbs attacks (AC +1).
One of your tentacles bears a large vicious spike.


Message History

You grab the orc.
The orc is moderately wounded.
You constrict the orc, but do no damage.
The orc hits you with a dagger.
* * * LOW HITPOINT WARNING * * *
You tentacle-slap the orc.
The orc is almost dead.
You constrict the orc.
You kill the orc!
The orc priest mumbles some strange prayers to Beogh.
You feel troubled.
You barely miss the orc priest. You grab the orc priest.
You constrict the orc priest, but do no damage.
The orc priest closely misses you.
Your magical contamination has completely faded away.
You tentacle-slap the orc priest but do no damage.
Your transformation is almost over.
You constrict the orc priest, but do no damage.
The orc priest hits you with a hand axe.
You die...

#####.#.#.#
#.......#.###.#
#.###.#)....... #.#
#.....###.. #.# ###.###
#.. # #.# #.# #..
#.#####.#####.# #..
#.............# #..
#######@>........# #..
#...###o##.####..# ##.
##!#.....##..# #..# #.
#...oo######?# #..# ###.
#......g####.###..# #...
#.......o.....##..####.##
#...#o.o♣...#.##.......#
#......♣.♣....##..####.##
###...♣.♣.♣...##.........


You could see an orc priest.

Vanquished Creatures
  2 adders (D:2)
  2 oozes (D:2)
  2 giant geckos
  2 orcs (D:3)
  3 giant cockroaches
  5 goblins
  5 hobgoblins
  A quokka (D:2)
  A bat (D:1)
  2 giant newts (D:3)
  3 kobolds
  8 rats
36 creatures vanquished.

Notes
Turn   | Place    | Note
--------------------------------------------------------------
     0 | D:1      | Inkie the Octopode Transmuter began the quest for the Orb.
     0 | D:1      | Reached XP level 1. HP: 13/13 MP: 3/3
   404 | D:1      | Reached XP level 2. HP: 18/18 MP: 5/5
  1302 | D:2      | Reached XP level 3. HP: 14/23 MP: 4/6
  2037 | D:2      | Reached skill level 4 in Transmutations
  2355 | D:3      | Found an iron altar of Okawaru.
  2360 | D:3      | Reached XP level 4. HP: 28/28 MP: 7/7
  2388 | D:3      | Slain by an orc priest

Vault maps used:
D:1:      roderic_octagonal_star
D:2:      hangedman_decor_push, minmay_misc_feat_enclosed, st_stairs_13
D:3:      okawaru_trees_2

Action                   |  1- 3 |  4- 6 || total
-------------------------+-------+-------++-------
Melee: Unarmed           |    76 |    13 ||    89
Throw: Stone             |    18 |       ||    18
 Cast: Beastly Appendage |    10 |     1 ||    11
 Stab: Sleeping          |     1 |       ||     1
  Eat: Chunk             |     4 |       ||     4
